 Dungeon Crawl Stone Soup version 0.23.2 (webtiles) character file.

Game seed: 3511492555433550543

278 Borgoz the Ducker (level 6, -3/51 HPs)
             Began as a Ghoul Gladiator on Apr 4, 2019.
             Slain by an iguana (7 damage)
             ... on level 4 of the Dungeon.
             The game lasted 00:03:40 (3013 turns).

Borgoz the Ducker (Ghoul Gladiator)                 Turns: 3013, Time: 00:03:41

Health: -3/51      AC:  4    Str: 18    XL:     6   Next: 26%
Magic:  5/5        EV: 13    Int:  5    God:
Gold:   318        SH:  0    Dex: 10    Spells: 5/5 levels left

rFire    . . .     SeeInvis .   a - +0 rapier
rCold    + . .     Gourm    .   (no shield)
rNeg     + + +     Faith    .   b - +0 leather armour
rPois    ∞         Spirit   .   o - +1 hat
rElec    .         Reflect  .   (no cloak)
rCorr    .         Harm     .   (no gloves)
MR       .....                  (no boots)
Stlth    ++........             (no amulet)
HPRegen  0.00/turn              (no ring)
MPRegen  0.09/turn              (no ring)

@: rotting
A: rotting body, claws 1, carnivore, cold resistance 1, negative energy
resistance 3, inhibited regeneration, torment resistance, unbreathing
a: no special abilities


You were on level 4 of the Dungeon.
You were not hungry.

You visited 1 branch of the dungeon, and saw 4 of its levels.

You collected 318 gold pieces.

Inventory:

Hand Weapons
 a - a +0 rapier (weapon)
Missiles
 d - a throwing net (quivered)
Armour
 b - a +0 leather armour (worn)
 o - a +1 hat (worn)
Jewellery
 n - an uncursed amulet of faith
 p - an uncursed amulet of regeneration {unknown}
Wands
 c - a wand of clouds (4)
 q - a wand of enslavement (5)
 t - a wand of flame (9)
Scrolls
 e - a scroll of identify
 g - 2 scrolls of remove curse
Potions
 h - 3 potions of invisibility
 j - a potion of magic
 k - 2 potions of flight
Comestibles
 f - 8 rations
 u - 2 chunks of flesh


   Skills:
 + Level 3.1 Fighting
 * Level 3.8 Short Blades
 - Level 1.7 Throwing
 * Level 2.4 Armour
 * Level 3.9 Dodging
 + Level 2.1 Stealth


You had 5 spell levels left.
You didn't know any spells.
Your spell library was empty.

Dungeon Overview and Level Annotations

Branches:
Dungeon (4/15)
 Temple: D:4-7

Altars:
Elyvilon
Gozag
Uskayaw


Innate Abilities, Weirdness & Mutations

Your body is rotting away.
You thrive on raw meat.
You are immune to poison.
You have sharp fingernails.
You are carnivorous and can eat meat at any time.
Your flesh is cold resistant. (rC+)
You are immune to negative energy. (rN+++)
You do not regenerate when monsters are visible.
You are immune to unholy pain and torment.
You can survive without breathing.


Message History

You are too injured to fight recklessly!
You are too injured to fight recklessly!
You are too injured to fight recklessly!
You are too injured to fight recklessly!
You are too injured to fight recklessly!
You are too injured to fight recklessly!
You are too injured to fight recklessly!
You closely miss the iguana.
The iguana is moderately wounded.
The worker ant barely misses you. The iguana misses you.
You completely miss the iguana.
The iguana is moderately wounded.
The worker ant closely misses you. The iguana bites you!
* * * LOW HITPOINT WARNING * * *
You hit the iguana.
The iguana is severely wounded.
The worker ant bites you.
* * * LOW HITPOINT WARNING * * *
The iguana bites you!
You die...

*******
****,,,,,**********************
*>,,,,,,,+,,,,,,,,,,,,,,,,,,,,*
***,**,,,,,**#####***,*********,,
,,,,,,,,,,,,,,...##**,*#*******#.
#.#,,,,,,,,,,,,...,,,,..,,,,,,...
#.#************#l####.#*******###
#.##############@.....##* *
.................a......* *
............=...........* *
........................* *
........................* *
........................* *
...[....................* *
........................* *
........................* *


You could see an iguana and a worker ant.

Vanquished Creatures
  A centaur skeleton (D:4)
  Ijyb (D:3)
  Natasha (thrice) (D:3)
  2 worker ants (D:4)
  5 adders
  A worm (D:3)
  3 dart slugs
  A leopard gecko (D:3)
  An orc (D:3)
  6 bats
  2 giant cockroaches
  4 goblins
  5 hobgoblins
  6 jackals
  2 quokkas
  A ball python (D:4)
  4 kobolds
  4 rats
52 creatures vanquished.

Vanquished Creatures (others)
  6 toadstools (D:2)
6 creatures vanquished.

Grand Total: 58 creatures vanquished

Notes
Turn   | Place    | Note
-------+----------+-------------------------------------------
     0 | D:1      | Borgoz the Ghoul Gladiator began the quest for the Orb.
     0 | D:1      | Reached XP level 1. HP: 17/17 MP: 0/0
   136 | D:1      | Reached XP level 2. HP: 24/24 MP: 1/1
   816 | D:2      | Reached skill level 1 in Armour
   816 | D:2      | Reached XP level 3. HP: 17/30 MP: 2/2
   993 | D:2      | Found a white marble altar of Elyvilon.
  1096 | D:2      | Reached skill level 1 in Stealth
  1184 | D:2      | Reached XP level 4. HP: 29/37 MP: 3/3
  1698 | D:3      | Noticed Natasha
  1709 | D:3      | Killed Natasha
  1831 | D:3      | Noticed Ijyb
  1845 | D:3      | Killed Ijyb
  1845 | D:3      | Reached XP level 5. HP: 43/43 MP: 4/4
  2126 | D:3      | Noticed Natasha
  2133 | D:3      | Killed Natasha
  2162 | D:3      | Noticed Natasha
  2171 | D:3      | Killed Natasha
  2607 | D:3      | Found an opulent altar of Gozag.
  2688 | D:3      | Found a hide-covered altar of Uskayaw.
  2838 | D:4      | Reached XP level 6. HP: 44/51 MP: 5/5
  2961 | D:4      | Found the ring of Shadows {Umbra +Inv Stlth+}
  3013 | D:4      | Slain by an iguana

Skill      XL: |  1  2  3  4  5 |
---------------+----------------+-----
Short Blades   | 3 |  3.8
Dodging        | 3 |  3.9
Armour         | 1 2 |  2.4
Stealth        | 1 2 |  2.1
Fighting       | 3 |  3.1
Throwing       | |  1.7

Action                   |  1- 3 |  4- 6 || total
-------------------------+-------+-------++-------
Melee: Rapier            |    87 |   113 ||   200
Throw: Throwing net      |       |     2 ||     2
  Use: Scroll            |       |    11 ||    11
 Stab: Held in net/web   |       |     1 ||     1
  Eat: Chunk             |     4 |     6 ||    10
Armor: Leather armour    |    32 |    14 ||    46
Dodge: Dodged            |    70 |    71 ||   141
